[Event "Late-Titled-Tuesday-Blitz-April-16-2024"]
[Site "Chess.com"]
[Date "2024.04.16"]
[Round "3"]
[White "Rawnsdale"]
[Black "Karacsonyi_Gellert"]
[Result "0-1"]
[WhiteElo "2481"]
[BlackElo "2730"]
[TimeControl "180+1"]
[EndTime "14:26:32 PDT"]
[Termination "Karacsonyi_Gellert won by resignation"]

1. e4 c5 2. Nf3 Nc6 3. d4 cxd4 4. Nxd4 g6 5. c4 Nf6 6. Nc3 d6 7. Be2 Nxd4 8. Qxd4 Bg7 9. O-O O-O 10. Be3 Ng4 11. Qd2 Nxe3 12. Qxe3 Qb6 13. Nd5 Qxe3 14. Nxe7+ Kh8 15. fxe3 Bxb2 16. Rad1 Be5 17. c5 dxc5 18.
Bc4 Be6 19. Bd5 Rae8 20. Bxe6 Rxe7 21. Bd5 b5 22. g3 c4 23. Rb1 a6 24. Rfc1 c3 25. Kf2 Rc7 26. Ke2 f6 27. Kd3 Kg7 28.
a4 Rb8 29. Rb3 b4 30. a5 Rc5 31. Ra1 Rbb5 32. Kc2 Rxa5 33. Rxa5 Rxa5 34. Rxb4 Ra1 35.
Rb7+ Kh6 36. Bg8 Re1 37. h4 Kh5 38. Be6 Re2+ 39. Kc1 h6 40. Rh7 Bxg3 41. Ra7 Rxe3 42. Rxa6 Kxh4 43. Kc2 Be5 44. Bf7 Re2+ 45. Kc1 Bf4+ 46.
Kd1 Rd2+ 47. Ke1 c2 48. Rc6 Rh2 49. Bxg6 c1=Q+ 50. Rxc1 Bxc1 0-1

[Event "Late-Titled-Tuesday-Blitz-April-16-2024"]
[Site "Chess.com"]
[Date "2024.04.16"]
[Round "3"]
[White "kalxandria"]
[Black "StellarChess"]
[Result "0-1"]
[WhiteElo "2224"]
[BlackElo "2672"]
[TimeControl "180+1"]
[EndTime "14:26:33 PDT"]
[Termination "StellarChess won by resignation"]

1. e4 e5 2. Nf3 Nc6 3. Bc4 Nf6 4. Ng5 d5 5. exd5 Na5 6. Bd3 Qxd5 7. f3 h6 8. Nc3 Qd8 9. Nge4 Nc6 10. b3 Nxe4 11.
Bxe4 Bc5 12. Bb2 O-O 13. Qe2 Nd4 14. Qc4 Bb6 15. O-O-O c6 16. Kb1 Be6 17. Qd3 f5 18. Rhe1 fxe4 19. Nxe4 Bf5 20. g4 Bg6 21. f4 Rxf4 22.
Qc4+ Bf7 23. Qd3 Rf3 24. Re3 Rxe3 25. dxe3 Ne6 26. Qe2 Qe7 27. Bxe5 Nc5 28. Nxc5 Qxe5 29. Nxb7 Qxe3 30. Qa6 Bg6 31. a4 Qxb3+ 32. Ka1 Qc3+ 33. Ka2 Qxc2+ 34. Ka3 Qxd1 0-1

[Event "Late-Titled-Tuesday-Blitz-April-16-2024"]
[Site "Chess.com"]
[Date "2024.04.16"]
[Round "3"]
[White "KingCyber19"]
[Black "HamedWafa4"]
[Result "0-1"]
[WhiteElo "2542"]
[BlackElo "2770"]
[TimeControl "180+1"]
[EndTime "14:26:35 PDT"]
[Termination "HamedWafa4 won by resignation"]

1. d4 Nf6 2. Nf3 c5 3. dxc5 e6 4. g3 Bxc5 5. Bg2 d5 6. O-O O-O 7.
b3 Nc6 8. Bb2 b6 9. Nbd2 Bb7 10.
c4 d4 11. Ne1 e5 12. Nd3 Qc7 13.
a3 a5 14. Qc2 Rfe8 15. Nxc5 bxc5 16. Rae1 Nd8 17. Ne4 Nxe4 18. Bxe4 Bxe4 19. Qxe4 Qb7 20. Qxb7 Nxb7 21. e3 Nd6 22. exd4 exd4 23. a4 Ne4 24. Ba3 Nd2 25. Rxe8+ Rxe8 26. Rd1 Nxb3 27. Rd3 Nc1 28. Rd1 Nb3 29. Rb1 d3 30. Rd1 d2 31. Kf1 Re4 32. Bxc5 Nxc5 33. Rxd2 g6 34. Rd5 Rxc4 35. Kg2 Nb3 36.
Rb5 Rb4 0-1

[Event "Late-Titled-Tuesday-Blitz-April-16-2024"]
[Site "Chess.com"]
[Date "2024.04.16"]
[Round "3"]
[White "IsuruAlahakoon"]
[Black "Vahe_Danielyan"]
[Result "0-1"]
[WhiteElo "2436"]
[BlackElo "2643"]
[TimeControl "180+1"]
[EndTime "14:26:40 PDT"]
[Termination "Vahe_Danielyan won on time"]

1. Nf3 Nf6 2. d4 g6 3. Nc3 d5 4. Bf4 Bg7 5. e3 O-O 6. h4 h5 7. Nb5 Na6 8. Be2 c6 9. Nc3 Nc7 10. Ne5 Ne6 11. Bh2 c5 12. Qd2 cxd4 13. exd4 Ne4 14. Nxe4 dxe4 15. O-O-O Bd7 16. g4 hxg4 17. Bxg4 Be8 18. h5 f5 19. h6 Bf6 20. Be2 Bg5 21. h7+ Kh8 22. Nxg6+ Bxg6 23. Be5+ Rf6 24. Bxf6+ exf6 0-1

[Event "Late-Titled-Tuesday-Blitz-April-16-2024"]
[Site "Chess.com"]
[Date "2024.04.16"]
[Round "3"]
[White "Valiyev_Shahin"]
[Black "Statham_01"]
[Result "0-1"]
[WhiteElo "2405"]
[BlackElo "2613"]
[TimeControl "180+1"]
[EndTime "14:26:41 PDT"]
[Termination "Statham_01 won by checkmate"]

1. e4 e5 2. Nf3 Nf6 3. Nxe5 d5 4. Nf3 dxe4 5. Ng1 Bc5 6. d3 O-O 7. Nc3 Re8 8. Be2 Nc6 9. dxe4 Qxd1+ 10. Nxd1 Nb4 11.
Bd3 Nxe4 12. Ne2 Nxd3+ 13. cxd3 Bb4+ 14. Kf1 Nd2+ 15. Bxd2 Bxd2 16. Ndc3 Bf5 17. Rd1 Bh6 18. h3 Rad8 19. d4 Bc2 20. Ra1 Bd3 21. f3 Rxd4 22. Kf2 Bxe2 23. Nxe2 Rd2 24. Rhe1 Rxb2 25. g3 Be3+ 26.
Kf1 Bc5 27. a3 h5 28. g4 Re3 29. Ng1 Rxe1+ 30. Rxe1 Rf2# 0-1

[Event "Late-Titled-Tuesday-Blitz-April-16-2024"]
[Site "Chess.com"]
[Date "2024.04.16"]
[Round "3"]
[White "N_I_Chess"]
[Black "RuperezA"]
[Result "0-1"]
[WhiteElo "2378"]
[BlackElo "2589"]
[TimeControl "180+1"]
[EndTime "14:26:41 PDT"]
[Termination "RuperezA won by resignation"]

1. d4 e6 2. c4 Nf6 3. Nc3 d5 4.
cxd5 exd5 5. Bg5 c6 6. Qc2 Be7 7. e3 Nbd7 8. Bd3 Nh5 9. Bxe7 Qxe7 10. Nge2 Nb6 11. O-O g6 12. Rae1 O-O 13. a3 Be6 14. f3 Nc4 15. Bxc4 dxc4 16. e4 f5 17. d5 cxd5 18. exd5 Bxd5 19. Nxd5 Qc5+ 20. Ne3 Qxe3+ 21. Kh1 Rac8 22. Nc3 Qc5 23. Rd1 Rfd8 24. Rfe1 Nf4 25. Rd2 Nd3 26. Ree2 Re8 27. Nd1 Qd4 28. Ne3 Rxe3 29.
Rxd3 Qxd3 0-1

[Event "Late-Titled-Tuesday-Blitz-April-16-2024"]
[Site "Chess.com"]
[Date "2024.04.16"]
[Round "3"]
[White "DrVelja"]
[Black "PositionalPanther"]
[Result "1-0"]
[WhiteElo "3010"]
[BlackElo "2522"]
[TimeControl "180+1"]
[EndTime "14:26:44 PDT"]
[Termination "DrVelja won by resignation"]

1. e4 e6 2. Qe2 c5 3. Nf3 Nc6 4. g3 g6 5. Bg2 Bg7 6. O-O d6 7. c3 Nge7 8. Rd1 e5 9. Na3 O-O 10.
Nc2 Qc7 11. d4 exd4 12. cxd4 f5 13. dxc5 dxc5 14. Bf4 Qb6 15. e5 h6 16. e6 Qxb2 17. Bd6 Re8 18. Bxc5 Qf6 19. Nfd4 Qe5 20. Qxe5 Bxe5 21.
Rab1 Nxd4 22. Nxd4 Bxd4 23. Rxd4 Nc6 24. Rd6 Bxe6 25.
Rxb7 Rad8 26. Bxc6 Rxd6 27. Bxd6 Rd8 28. Be5 Rd1+ 29.
Kg2 Rc1 30. Bf3 Rc5 31. Bd4 1-0

[Event "Late-Titled-Tuesday-Blitz-April-16-2024"]
[Site "Chess.com"]
[Date "2024.04.16"]
[Round "3"]
[White "Road2GM3000"]
[Black "volcanoexplorer"]
[Result "1-0"]
[WhiteElo "2453"]
[BlackElo "2632"]
[TimeControl "180+1"]
[EndTime "14:26:45 PDT"]
[Termination "Road2GM3000 won by resignation"]

1. d4 d5 2. c4 e6 3. Nc3 Bb4 4. cxd5 exd5 5. Nf3 Nf6 6. Bg5 h6 7. Bh4 Nbd7 8. e3 g5 9. Bg3 Nh5 10. Bd3 Nxg3 11. hxg3 c6 12. Qc2 Nb6 13. O-O-O Be6 14. e4 Bxc3 15. bxc3 dxe4 16. Bxe4 Qe7 17. Ne5 O-O-O 18.
c4 Qa3+ 19. Kb1 Qa6 20. d5 f6 21. dxe6 fxe5 22. e7 Rde8 23. Bf5+ Kb8 24. Rxh6 Rhg8 25. Be6 Nc8 26. Bxg8 Rxg8 27. Rd7 Qb6+ 28. Qb3 Re8 29. Qxb6 axb6 30. Re6 b5 31. cxb5 cxb5 32. Rxe5 Ka8 33.
Rd8 1-0

[Event "Late-Titled-Tuesday-Blitz-April-16-2024"]
[Site "Chess.com"]
[Date "2024.04.16"]
[Round "3"]
[White "BenchGM"]
[Black "JackRodgers"]
[Result "1-0"]
[WhiteElo "2315"]
[BlackElo "2507"]
[TimeControl "180+1"]
[EndTime "14:26:47 PDT"]
[Termination "BenchGM won by resignation"]

1. e4 c5 2. Nf3 g6 3. c3 Bg7 4. e5 d6 5. Bb5+ Bd7 6. Bxd7+ Qxd7 7.
exd6 Qxd6 8. d4 cxd4 9. cxd4 Nc6 10.
Be3 Rd8 11. O-O Nf6 12. Nc3 O-O 13. Rc1 Nd5 14. Qb3 Nxe3 15. fxe3 Bh6 16. Rce1 b6 17. d5 Ne5 18. e4 Nd3 19. Re2 Nf4 20. Rc2 Rc8 21.
Nb5 Qd7 22. Ne5 Qd8 23. Nc6 Qd7 24.
Nbxa7 Ra8 25. Nb5 e6 26. Ne5 Qe7 27. d6 Qg5 28. Nc6 Qxg2+ 29. Rxg2 1-0

[Event "Late-Titled-Tuesday-Blitz-April-16-2024"]
[Site "Chess.com"]
[Date "2024.04.16"]
[Round "3"]
[White "CURRUTACO59"]
[Black "guillembaches"]
[Result "0-1"]
[WhiteElo "2164"]
[BlackElo "2541"]
[TimeControl "180+1"]
[EndTime "14:26:48 PDT"]
[Termination "guillembaches won by resignation"]

1. Nf3 Nf6 2. d4 e6 3. c4 d5 4.
Nc3 Be7 5. Bg5 h6 6. Bh4 O-O 7.
e3 b6 8. cxd5 Nxd5 9. Bxe7 Qxe7 10. Rc1 Rd8 11. Nxd5 exd5 12. Be2 Be6 13. O-O c5 14.
dxc5 bxc5 15. Qa4 Nd7 16. Rfd1 Nb6 17. Qa3 Rac8 18. Rc2 Kf8 19. Rdc1 c4 20. Qxe7+ Kxe7 21. Nd4 Rc5 22. b3 Rdc8 23. bxc4 dxc4 24. Rc3 Bd5 25. f3 f6 26. e4 Bf7 27. Kf2 g6 28. Ke3 h5 29. g3 Ra5 30. R1c2 Rac5 31. f4 Nd7 32. Ra3 R8c7 33. Rac3 Nb6 34. Ra3 Be8 35. Rac3 Ba4 36.
Rc1 Bd7 37. Ra3 Nc8 38. Rac3 Nd6 39. Rb3 cxb3 0-1

[Event "Late-Titled-Tuesday-Blitz-April-16-2024"]
[Site "Chess.com"]
[Date "2024.04.16"]
[Round "3"]
[White "djano"]
[Black "Shtembuliak"]
[Result "1-0"]
[WhiteElo "2627"]
[BlackElo "2858"]
[TimeControl "180+1"]
[EndTime "14:26:49 PDT"]
[Termination "djano won by resignation"]

1. e4 d6 2. Nc3 g6 3. f4 Bg7 4.
Nf3 a6 5. a4 c5 6. Bc4 Nc6 7.
O-O Na5 8. Ba2 c4 9. Qe1 Nf6 10. d3 cxd3 11. cxd3 O-O 12. f5 Nc6 13. fxg6 hxg6 14.
Qh4 Ne5 15. Ng5 Qb6+ 16. Kh1 Re8 17. Bf4 Qxb2 18. Bxe5 dxe5 19. Bxf7+ Kf8 20. Nd5 Rd8 21. Bxg6 Bd7 22. Nh7+ Kg8 23. Nhxf6+ exf6 24. Qh7+ Kf8 25. Rxf6+ 1-0

[Event "Late-Titled-Tuesday-Blitz-April-16-2024"]
[Site "Chess.com"]
[Date "2024.04.16"]
[Round "3"]
[White "Lennis93"]
[Black "SharathRk6"]
[Result "1-0"]
[WhiteElo "2748"]
[BlackElo "2389"]
[TimeControl "180+1"]
[EndTime "14:26:49 PDT"]
[Termination "Lennis93 won by resignation"]

1. d4 Nf6 2. Nf3 d5 3. c4 e6 4. Nc3 Be7 5. Bg5 O-O 6. e3 b6 7. cxd5 exd5 8. Qc2 Bb7 9. Bd3 h6 10. Bf4 Nbd7 11. g4 Bb4 12. g5 Ne4 13. gxh6 g6 14.
h4 f5 15. Rg1 Kh7 16. Ng5+ Nxg5 17. Bxg5 Qe8 18. a3 Be7 19. Nb5 Bxg5 20. hxg5 Rc8 21. Nxa7 Ra8 22. Nb5 Rc8 23. O-O-O Qe7 24. Kb1 c6 25.
Nc3 c5 26. Bb5 c4 27. Qa4 Rfd8 28. Qb4 Qxb4 29. axb4 Nf8 30. f4 Ne6 31. Kc2 Nc7 32. Ra1 Ra8 33. Ra3 Rxa3 34. bxa3 Ra8 35. Ra1 Ra7 36.
a4 Ra8 37. a5 bxa5 38. Rxa5 Rxa5 39. bxa5 Ba8 40. Bd7 Na6 41. Na2 Bb7 42. Kc3 Ba8 43. Bb5 Nc7 44. Kb4 Ne6 45. Nc3 Ng7 46. hxg7 Kxg7 1-0

[Event "Late-Titled-Tuesday-Blitz-April-16-2024"]
[Site "Chess.com"]
[Date "2024.04.16"]
[Round "3"]
[White "Andrei_Skvortsov"]
[Black "Yonousomodulo"]
[Result "1-0"]
[WhiteElo "2647"]
[BlackElo "2437"]
[TimeControl "180+1"]
[EndTime "14:26:50 PDT"]
[Termination "Andrei_Skvortsov won by resignation"]

1. e4 c6 2. e5 d6 3. exd6 exd6 4. d4 d5 5. Nf3 Bd6 6. Bd3 Nf6 7. Qe2+ Qe7 8. Qxe7+ Kxe7 9. Bg5 Be6 10. Nbd2 Nd7 11. O-O-O h6 12. Bh4 Rhe8 13. Rde1 Kf8 14. Bg3 Bxg3 15.
fxg3 Kg8 16. c3 Ng4 17. Rhf1 b6 18. h3 Ngf6 19. g4 Nh7 20. Ne5 Nxe5 21. Rxe5 Bd7 22. Bxh7+ Kxh7 23. Rxf7 Rxe5 24. dxe5 Be8 25. Re7 Kg8 26.
Nf3 Kf8 27. Rc7 c5 28. Kd2 Bg6 29. Ke3 Be4 30. a3 Re8 31. Rxa7 Bxf3 32. gxf3 Rxe5+ 33. Kd2 Re6 34. Rd7 Rf6 35. Rxd5 Rxf3 36. Rf5+ Rxf5 37. gxf5 Ke7 38. b4 cxb4 39. cxb4 b5 40. Ke3 Kf6 41. Kf4 h5 42. h4 g6 43. fxg6 Kxg6 44. Ke5 Kg7 45. Kd5 Kf6 46. Kc5 Kf5 47. Kxb5 Kg4 48. a4 Kxh4 49. a5 Kg3 50. a6 h4 51. a7 h3 52. a8=Q h2 53. Qh1 1-0

[Event "Late-Titled-Tuesday-Blitz-April-16-2024"]
[Site "Chess.com"]
[Date "2024.04.16"]
[Round "3"]
[White "Ykow"]
[Black "gmcorrales"]
[Result "1-0"]
[WhiteElo "2534"]
[BlackElo "2929"]
[TimeControl "180+1"]
[EndTime "14:26:53 PDT"]
[Termination "Ykow won by checkmate"]

1. e4 c5 2. Nf3 d6 3. d4 cxd4 4. Nxd4 Nf6 5. Nc3 a6 6. f3 e5 7. Nb3 Be7 8. Be3 Be6 9. Qd2 Nbd7 10. g4 b5 11. g5 Nh5 12. O-O-O Nb6 13. Na5 O-O 14.
Nc6 Qc7 15. Nxe7+ Qxe7 16. Bxb6 Rfc8 17. Rg1 b4 18. Nd5 Qb7 19. Be3 a5 20. Kb1 a4 21. Nxb4 a3 22. b3 Rab8 23. c3 Ra8 24. Be2 g6 25. Rc1 Rd8 26. c4 Rab8 27. Nd5 Kh8 28. f4 exf4 29. Qd4+ Ng7 30. Bxf4 Bxd5 31. cxd5 Re8 32. Bxd6 Rbd8 33. Be5 Rxe5 34. Qxe5 Qb4 35.
Rgd1 Re8 36. Qd4 Qd6 37. Bb5 Rd8 38. e5 Qe7 39. e6 Qxg5 40. exf7 Qf5+ 41. Ka1 Qxf7 42.
d6 Qb7 43. Bc4 Qd7 44. Rf1 Qh3 45. Rf7 Rg8 46. d7 Qg2 47. Qxg7+ Rxg7 48. Rf8+ Rg8 49.
Rxg8# 1-0

[Event "Late-Titled-Tuesday-Blitz-April-16-2024"]
[Site "Chess.com"]
[Date "2024.04.16"]
[Round "3"]
[White "protectiago"]
[Black "schachsensei_YT"]
[Result "0-1"]
[WhiteElo "2034"]
[BlackElo "2348"]
[TimeControl "180+1"]
[EndTime "14:26:54 PDT"]
[Termination "schachsensei_YT won on time"]

1. d4 d5 2. c4 dxc4 3. g3 Nf6 4. Bg2 c6 5. Nf3 Bf5 6. O-O e6 7. Nbd2 h6 8. Nxc4 Nbd7 9. Bf4 Nb6 10. Nfe5 Be7 11. Re1 O-O 12. e4 Bh7 13. Rc1 Nxc4 14. Nxc4 Rc8 15. Ne5 Qa5 16. a3 Rfd8 17. Qb3 Qb6 18.
Qxb6 axb6 19. Rcd1 b5 20. h3 Ra8 21. g4 Ra4 22.
Be3 Bxe4 23. Bxe4 Nxe4 24. Bxh6 Raxd4 25. Rxd4 Rxd4 26. Be3 Rd5 27. Nf3 Nd6 28. Nd4 Nc4 29.
b3 Nxa3 0-1

[Event "Late-Titled-Tuesday-Blitz-April-16-2024"]
[Site "Chess.com"]
[Date "2024.04.16"]
[Round "3"]
[White "jsdbv18"]
[Black "Veleamater"]
[Result "1-0"]
[WhiteElo "2626"]
[BlackElo "2426"]
[TimeControl "180+1"]
[EndTime "14:26:56 PDT"]
[Termination "jsdbv18 won by checkmate"]

1. Nf3 d6 2. d4 g6 3. g3 Bg7 4. Bg2 Nf6 5. O-O O-O 6. b3 Nc6 7. Bb2 h6 8. d5 Nb8 9. c4 e5 10. dxe6 fxe6 11. Nc3 Nc6 12. Rb1 a6 13. Rc1 Qe8 14.
Ba1 Kh7 15. Qd2 e5 16. Qc2 Bf5 17. e4 Be6 18. Nd5 Qf7 19. Nd2 Rac8 20. a3 Ng4 21. Qd3 h5 22. h3 Nf6 23. f4 Bxd5 24. exd5 Nd4 25. fxe5 dxe5 26. Ne4 Qe7 27. Ng5+ Kg8 28. Bxd4 exd4 29. Qxg6 Qe3+ 30. Kh2 h4 31. gxh4 d3 32. Rce1 Qd4 33. Qxg7+ Kxg7 34. Ne6+ Kg6 35. Nxd4 Nh5 36. Be4+ Kg7 37. Bxd3 Kh8 38. Rxf8+ Rxf8 39. Rf1 Re8 40. Ne6 Re7 41. Rf8# 1-0

[Event "Late-Titled-Tuesday-Blitz-April-16-2024"]
[Site "Chess.com"]
[Date "2024.04.16"]
[Round "3"]
[White "Abhishek2"]
[Black "shirovin"]
[Result "1-0"]
[WhiteElo "2353"]
[BlackElo "2045"]
[TimeControl "180+1"]
[EndTime "14:26:59 PDT"]
[Termination "Abhishek2 won on time"]

1. d4 f5 2. Nc3 Nf6 3. g4 fxg4 4. e4 d6 5. Bg5 g6 6. e5 dxe5 7. dxe5 Nfd7 8. e6 Nb6 9. Qxd8+ Kxd8 10. O-O-O+ Ke8 11. Nb5 Na6 12. Re1 c6 13. Nc3 Bg7 14. Bxa6 bxa6 15.
h3 g3 16. fxg3 Bb7 17. Rh2 h6 18. Bf4 g5 19. Be5 Bxe5 20. Rxe5 Rf8 21. Rhe2 Rf1+ 22. Re1 Rxe1+ 23. Rxe1 c5 24. Ne4 Rd8 25. Nxc5 Bd5 26. Nxa6 Rc8 27. b3 Rc3 28. Ne2 Re3 29. Kd2 Re4 30. Nc7+ Kf8 31. Nxd5 Nxd5 32. c4 Nb4 33. a3 Nc6 34. Nc3 Rd4+ 35. Kc2 Rd6 36. Nb5 Nd4+ 37.
Nxd4 Rxd4 38. Kc3 Rd6 39. c5 Rd5 40. b4 Kg7 41. c6 Rd8 42. a4 Kf6 43. b5 Rc8 44. a5 a6 45. Kb4 axb5 46. Kxb5 Rd8 47. c7 Rd5+ 48. Kb6 Rd6+ 49. Kb7 1-0

[Event "Late-Titled-Tuesday-Blitz-April-16-2024"]
[Site "Chess.com"]
[Date "2024.04.16"]
[Round "3"]
[White "SantoBlue"]
[Black "oskariot"]
[Result "1-0"]
[WhiteElo "3021"]
[BlackElo "2734"]
[TimeControl "180+1"]
[EndTime "14:27:00 PDT"]
[Termination "SantoBlue won on time"]

1. d4 Nf6 2. c4 c5 3. Nf3 cxd4 4. Nxd4 Nc6 5. g3 d6 6. Bg2 Bd7 7. O-O g6 8. Nc3 Bg7 9. Nxc6 Bxc6 10. Be3 O-O 11. Rc1 Qa5 12. Bxc6 bxc6 13. b3 Ng4 14. Bd2 Qh5 15. h4 f5 16. Bg5 f4 17. Ne4 Rae8 18. gxf4 h6 19. Ng3 Nxf2 20. Nxh5 Nxd1 21.
Nxg7 Kxg7 22. Rcxd1 hxg5 23. hxg5 e5 24. Rxd6 exf4 25. Rf2 Re5 26. Rxc6 Rxg5+ 27. Rg2 Rxg2+ 28. Kxg2 Kh6 29. c5 Re8 30. Kf3 Kg5 31. Rd6 Re3+ 32.
Kf2 Rc3 33. b4 Kf5 34. Rd5+ Ke4 35. Rg5 Ra3 36. Rxg6 Rxa2 37. c6 a6 38. Rg5 f3 39.
c7 Rxe2+ 40. Kf1 Rc2 41. Rc5 1-0

[Event "Late-Titled-Tuesday-Blitz-April-16-2024"]
[Site "Chess.com"]
[Date "2024.04.16"]
[Round "3"]
[White "SmirnovTimofey2000"]
[Black "esrosenberg"]
[Result "0-1"]
[WhiteElo "1985"]
[BlackElo "2343"]
[TimeControl "180+1"]
[EndTime "14:27:01 PDT"]
[Termination "esrosenberg won on time"]

1. d4 d5 2. Bf4 c5 3. c3 Nc6 4.
e3 Nf6 5. Nd2 e6 6. Ngf3 Bd6 7.
Bg3 O-O 8. Bd3 cxd4 9. exd4 Qc7 10. O-O Bd7 11. Re1 Rab8 12. Ne5 b5 13. Ndf3 Be8 14. a3 Nd7 15. Nxd7 Bxd7 16. Bxd6 Qxd6 17. Ne5 Nxe5 18.
Rxe5 f6 19. Re1 e5 20. dxe5 fxe5 21. Qh5 e4 22. Be2 Rf5 23. Qh3 Rbf8 24. Qg3 Qf6 25. Rf1 Rg5 26. Qe3 h5 27. Rad1 Be6 28.
Bxb5 d4 29. Qxd4 Rxb5 30. Qxe4 Rxb2 31. Rd6 Rb6 32. Rxb6 axb6 33. Qc6 Rc8 34. Qxb6 Rxc3 35. Re1 Bf7 36. Qb4 Rc2 37. Qb3 Qxf2+ 0-1

[Event "Late-Titled-Tuesday-Blitz-April-16-2024"]
[Site "Chess.com"]
[Date "2024.04.16"]
[Round "3"]
[White "Alphafischer2019"]
[Black "fviana"]
[Result "0-1"]
[WhiteElo "2735"]
[BlackElo "2500"]
[TimeControl "180+1"]
[EndTime "14:27:02 PDT"]
[Termination "fviana won by resignation"]

1. d4 Nf6 2. Nf3 e6 3. Bf4 b6 4. e3 Bb7 5. Be2 Be7 6. O-O O-O 7. h3 c5 8. c3 cxd4 9. exd4 d6 10. a4 a6 11. Na3 Nbd7 12. Nc2 Re8 13. Bh2 Qc7 14. Nd2 Bf8 15. Ne3 Bc6 16. b4 Bb7 17. c4 e5 18. d5 a5 19. b5 Nc5 20. Nb3 g6 21. Bg3 Nfd7 22. Bg4 Nxb3 23. Qxb3 Nc5 24. Qd1 f5 25. Bxf5 gxf5 26. Nxf5 Qf7 27. Qg4+ Qg6 28. Qf3 e4 29. Qg4 Rad8 30. Rae1 Qxg4 31. hxg4 Nxa4 32. f3 exf3 33. Rxe8 Rxe8 34. Bxd6 fxg2 35. Kxg2 Bc8 36. Bxf8 Bxf5 37. Bh6 Bd3 38. Rf4 Nc5 39. d6 a4 40. Rf2 Bxc4 41. Rb2 a3 42. Rd2 a2 43. Rd1 Bxb5 44. Ra1 Re2+ 45. Kg3 Nb3 46. Rf1 Re8 47. Rf5 a1=Q 48. Rg5+ Kf7 49. Rxb5 Qe1+ 50. Kh3 Re3+ 0-1

[Event "Late-Titled-Tuesday-Blitz-April-16-2024"]
[Site "Chess.com"]
[Date "2024.04.16"]
[Round "3"]
[White "lamomiajunior"]
[Black "h4parah5"]
[Result "0-1"]
[WhiteElo "2736"]
[BlackElo "3032"]
[TimeControl "180+1"]
[EndTime "14:27:04 PDT"]
[Termination "h4parah5 won by resignation"]

1. d4 Nf6 2. c4 e6 3. Nc3 c5 4. d5 exd5 5. cxd5 d6 6. e4 g6 7. f4 Bh6 8. Bb5+ Nbd7 9. a4 O-O 10. Nf3 Nxe4 11. Nxe4 Re8 12. Ne5 dxe5 13. O-O exf4 14.
Bxf4 Bxf4 15. Rxf4 f5 16. d6 Re5 17. Qb3+ Kg7 18.
Qc3 Kh6 19. Qh3+ Kg7 20. Qc3 Kh6 21. Qh3+ Kg7 22. Qd3 Rxe4 23. Rxe4 fxe4 24. Qxe4 Nf6 25.
Qe5 Bf5 26. Rf1 a6 27. g3 axb5 0-1

[Event "Late-Titled-Tuesday-Blitz-April-16-2024"]
[Site "Chess.com"]
[Date "2024.04.16"]
[Round "3"]
[White "GoltsevDmitry2000"]
[Black "DanielNaroditsky"]
[Result "0-1"]
[WhiteElo "2781"]
[BlackElo "3124"]
[TimeControl "180+1"]
[EndTime "14:27:05 PDT"]
[Termination "DanielNaroditsky won on time"]

1. e4 g6 2. d4 Bg7 3. c3 d6 4.
Nf3 Nf6 5. Bd3 O-O 6. O-O Bg4 7. h3 Bxf3 8. Qxf3 Nc6 9. Bg5 h6 10. Bxf6 Bxf6 11. Nd2 Bg7 12. Rfe1 e5 13. dxe5 Nxe5 14. Qe2 Re8 15. Nf3 Nxf3+ 16. Qxf3 Qg5 17. Qe3 Qh4 18. Bc4 Re7 19. Rad1 Rae8 20. Qxa7 c6 21. Rxd6 b5 22. Bxf7+ Rxf7 23. Qc5 Bf8 24. Re2 Re6 25. g3 Bxd6 26. Qxd6 Rxd6 27. gxh4 Rf4 28. Kg2 Rxh4 29. Kg3 g5 30. f3 Rf4 31. b3 Rd3 32. Rf2 Rxc3 33.
a4 Rxb3 34. axb5 cxb5 35. e5 Re4 36. Rc2 Rxe5 37. Kg4 Kf7 38. f4 Rb4 39. Rc7+ Kf6 40. Rc6+ Re6 41. Rc3 Rxf4+ 42. Kg3 h5 43. h4 Rxh4 44.
Rf3+ Kg6 45. Ra3 Rhe4 46. Kf2 g4 47. Ra7 h4 0-1

[Event "Late-Titled-Tuesday-Blitz-April-16-2024"]
[Site "Chess.com"]
[Date "2024.04.16"]
[Round "3"]
[White "Supelyel"]
[Black "Alexei_Gubajdullin"]
[Result "1-0"]
[WhiteElo "2441"]
[BlackElo "2605"]
[TimeControl "180+1"]
[EndTime "14:27:05 PDT"]
[Termination "Supelyel won by checkmate"]

1. c4 Nf6 2. Nc3 g6 3. g3 Bg7 4.
Bg2 O-O 5. d3 d6 6. Nf3 Nbd7 7.
Bg5 e5 8. Bxf6 Nxf6 9. O-O Re8 10. Nd2 c6 11. Rb1 d5 12. Qc2 d4 13. Nce4 Nxe4 14. Nxe4 f5 15. Nc5 a5 16. a3 Qe7 17. b4 axb4 18.
axb4 Ra3 19. Ra1 Rxa1 20. Rxa1 e4 21. Ra8 exd3 22. Qxd3 b6 23. Bxc6 bxc5 24. Bxe8 Qxe8 25. bxc5 Qc6 26. Qf3 Qc7 27. Qd5+ Kf8 28. Qd6+ Qxd6 29. cxd6 Kf7 30. Rxc8 Ke6 31. c5 Bf6 32. Kf1 g5 33. Rc7 f4 34. Ke1 fxg3 35. fxg3 g4 36. Rxh7 Kd5 37. Rc7 Ke6 38. Kd2 Bd8 39. Rc8 Ba5+ 40.
Kd3 Kd7 41. Rc7+ Bxc7 42. dxc7 Kxc7 43. Kxd4 Kc6 44. e4 Kd7 45. e5 Ke6 46. Ke4 Kd7 47. Kf4 Kc7 48. Kxg4 Kd7 49. Kg5 Ke7 50. Kg6 Ke6 51.
c6 Kxe5 52. c7 Kd5 53. c8=Q Ke5 54. Qf8 Ke4 55. Qf6 Ke3 56. Qf4+ Ke2 57. g4 Ke1 58. Qa4 Kf2 59. Qb3 Kg2 60. h4 Kh1 61. Qb2 Kg1 62. Kf5 Kf1 63. Kf4 Kg1 64. Kf3 Kh1 65. Kg3 Kg1 66.
Qb1# 1-0

[Event "Late-Titled-Tuesday-Blitz-April-16-2024"]
[Site "Chess.com"]
[Date "2024.04.16"]
[Round "3"]
[White "Chempiblinka"]
[Black "TiagoMangialardo"]
[Result "1-0"]
[WhiteElo "2373"]
[BlackElo "2072"]
[TimeControl "180+1"]
[EndTime "14:27:05 PDT"]
[Termination "Chempiblinka won on time"]

1. d4 Nf6 2. c4 c5 3. d5 g6 4. g3 Bg7 5. Bg2 d6 6. Nf3 O-O 7. O-O e6 8. Nc3 exd5 9. cxd5 a6 10. a4 Re8 11. Bf4 Nh5 12. Bg5 Qb6 13. Qc1 Bxc3 14.
Qxc3 Rxe2 15. Rfe1 Rxe1+ 16. Rxe1 Bd7 17. Bh6 Qb4 18. Qe3 Qxa4 19. Qe7 Ng7 20. Ng5 Be8 21. Bxg7 Kxg7 22. Ne6+ Kh6 23. Qf8+ Kh5 24. Bf3+ 1-0

[Event "Late-Titled-Tuesday-Blitz-April-16-2024"]
[Site "Chess.com"]
[Date "2024.04.16"]
[Round "3"]
[White "HajiyevKanan"]
[Black "tgpgoat"]
[Result "1-0"]
[WhiteElo "2610"]
[BlackElo "2420"]
[TimeControl "180+1"]
[EndTime "14:27:06 PDT"]
[Termination "HajiyevKanan won by resignation"]

1. d4 Nf6 2. Nf3 d5 3. c4 c6 4.
cxd5 cxd5 5. Nc3 Nc6 6. Bg5 Ne4 7. Bf4 g6 8. Qb3 Nxc3 9. bxc3 Bg7 10. e3 O-O 11. Bd3 Bg4 12. O-O Qd7 13. Nd2 Bf5 14.
c4 Na5 15. Qc2 Bxd3 16. Qxd3 Nxc4 17. Nxc4 dxc4 18. Qxc4 Rac8 19. Qb3 b6 20. Rac1 Rxc1 21. Rxc1 Rc8 22. Rc4 Rxc4 23. Qxc4 h5 24. h3 a5 25. a4 e6 26. Bc7 e5 27. d5 e4 28. Bxb6 Qf5 29. Bxa5 Be5 30. Bb4 g5 31. d6 g4 32.
hxg4 hxg4 33. g3 Qf3 34. d7 Qd1+ 35. Kg2 Qf3+ 36. Kg1 Qd1+ 37. Kh2 Qxd7 38. Qxe4 Qe6 39. Kg2 f5 40. Qa8+ Kf7 41. Qb7+ Kg6 42. a5 Kg5 43. a6 Qh6 44. Be7+ Bf6 45. Bxf6+ Qxf6 46. a7 f4 47. exf4+ Kf5 1-0

[Event "Late-Titled-Tuesday-Blitz-April-16-2024"]
[Site "Chess.com"]
[Date "2024.04.16"]
[Round "3"]
[White "ekurtz"]
[Black "lagedema"]
[Result "0-1"]
[WhiteElo "2589"]
[BlackElo "2438"]
[TimeControl "180+1"]
[EndTime "14:27:06 PDT"]
[Termination "lagedema won by resignation"]

1. Nf3 d5 2. c4 d4 3. g3 Nf6 4. Bg2 c5 5. e3 Nc6 6. exd4 cxd4 7. d3 e5 8. O-O Bd6 9. Na3 O-O 10.
Nc2 Nd7 11. Re1 a5 12. b3 Nc5 13. Rb1 Bf5 14. Bf1 Bg4 15. h3 Bh5 16. a3 Qf6 17. Bg2 Bg6 18. Bf1 e4 19. Bg5 Qxf3 20. Qxf3 exf3 21. Red1 Rfe8 22. b4 Ne6 23. Bd2 axb4 24.
axb4 Ra2 25. Rbc1 b6 26. b5 Ne5 27. Be1 h5 28. Nb4 Bxb4 29. Bxb4 Nc5 30. Bxc5 bxc5 31. Rb1 Ra3 32. b6 Nxd3 33. b7 Nb4 34. Rxb4 cxb4 35.
c5 Rc3 36. Rxd4 Rxc5 37. Rxb4 Rb8 38. Kh2 Rc7 39. Ba6 Bf5 40. g4 hxg4 41. hxg4 Be6 42. Rd4 Rc6 43. Bb5 Rc2 44. Ba6 Rxf2+ 45. Kg3 Ra2 46.
Rd6 f2 47. Kg2 Rxa6 48. Rxa6 f1=Q+ 49. Kxf1 Bc4+ 50. Kf2 Bxa6 0-1